 Dungeon Crawl Stone Soup version 0.32-a0-913-g739538afd8 (webtiles) character file.

Game seed: 17023621821115179843

787 pokedragonboy the Charlatan (level 7, -1/52 HPs)
             Began as a Coglin Artificer on Apr 9, 2024.
             Incinerated by a bombardier beetle (6 damage)
             ... with a burning spray
             ... on level 4 of the Dungeon.
             The game lasted 00:04:49 (2740 turns).

pokedragonboy the Charlatan (Coglin Artificer)      Turns: 2740, Time: 00:04:49

Health: -1/52      AC: 11    Str: 13    XL:     7   Next: 87%
Magic:  7/7        EV: 10    Int: 14    God:
Gold:   222        SH:  0    Dex: 16    Spells: 6/6 levels left

rFire   . . .        u - +0 falchion {Saranna}
rCold   . . .        i - +0 falchion {Rabni}
rNeg    . . .        m - +3 ring mail of the Insatiable Tusks {Will+ Int+4 Slay+3}
rPois   .            l - +0 helmet
rElec   .            (no cloak)
rCorr   .            (no gloves)
SInv    .            w - +0 pair of boots
Will    +....        (amulet unavailable)
Stlth   +            (ring unavailable)
HPRegen 0.28/turn    (ring unavailable)
MPRegen 0.10/turn    (no gizmo)

%: no passive effects
@: on fire, glowing, revved
A: off-hand wielding, slow wielding, warmup strikes, no jewellery
a: Invent Gizmo


You were on level 4 of the Dungeon.
You visited 2 branches of the dungeon, and saw 5 of its levels.

You collected 222 gold pieces.

Inventory:

Hand Weapons
 i - a +0 falchion (offhand) {Rabni}
 q - a +2 hand axe of flaming
 u - a +0 falchion (weapon) {Saranna}
Missiles
 p - a throwing net
Armour
 l - a +0 helmet (worn)
 m - the +3 ring mail of the Insatiable Tusks (worn) {Will+ Int+4 Slay+3}
   (You found it on level 2 of the Dungeon)

   Int+4:     It affects your intelligence (+4).
   Slay+3:    It affects your accuracy & damage with ranged weapons and melee
   (+3).
   Will+:     It increases your willpower.
 w - a +0 pair of boots (worn)
Wands
 c - a wand of flame (9) (quivered)
 d - a wand of charming (15)
 e - a wand of iceblast (1)
Scrolls
 a - a scroll of enchant armour {unknown}
 b - a scroll of fog {unknown}
 f - 5 scrolls of immolation {unknown}
 j - 4 scrolls of teleportation {unknown}
 r - a scroll of butterflies {unknown}
 s - a scroll of enchant weapon {unknown}
 v - a scroll of noise {unknown}
Potions
 g - 2 potions of lignification {unknown}
 h - a potion of brilliance {unknown}
 k - a potion of mutation {unknown}
 n - 2 potions of curing {unknown}
 o - a potion of resistance {unknown}
 t - a potion of berserk rage {unknown}


   Skills:
 + Level 3.4 Fighting
 + Level 3.1 Long Blades
 + Level 3.5 Armour
 + Level 3.1 Dodging
 - Level 0.7 Stealth
 * Level 7.6 Evocations


You had 6 spell levels left.
You didn't know any spells.
Your spell library contained the following spells:

 Spells                   Type           Power      Damage    Failure   Level
 Magic Dart               Conj           0%         1d3       52%         1
 Sandblast                Erth           0%         2d4       52%         1
 Blink                    Tloc           0%         N/A       65%         2
 Call Imp                 Summ           0%         N/A       65%         2
 Hailstorm                Conj/Ice       0%         3d5       87%         3
 Summon Ice Beast         Ice/Summ       0%         N/A       87%         3
 Permafrost Eruption      Ice/Erth       0%         2x4d1     100%        6
 Sculpt Simulacrum        Ice/Alch       0%         N/A       100%        6


Dungeon Overview and Level Annotations

Branches:
Dungeon (4/15)             Temple (1/1) D:4

Altars:
Ashenzari
Dithmenos
Hepliaklqana
Makhleb
Ru
Sif Muna
Trog
Vehumet

Shops:
D:3 !:[?(   D:4 *


Innate Abilities, Weirdness & Mutations

You can wield a second weapon in your off-hand.
It takes a long time for you to wield or remove held weapons.
Your first few attacks do less damage.
You cannot equip rings or amulets.


Message History

You hit the orc warrior with your +0 falchion.
The liquid fire burns you! The orc warrior closely misses you.
The orc warrior hits you with a +0 long sword.
You hit the orc warrior with your +0 falchion.
The orc warrior is moderately wounded.
You closely miss the orc warrior with your +0 falchion.
The liquid fire burns you!
The orc warrior hits you with a +0 long sword!
You are too injured to fight recklessly!
You are too injured to fight recklessly!
You are too injured to fight recklessly!
You are too injured to fight recklessly!
You are too injured to fight recklessly!
You are too injured to fight recklessly!
You are too injured to fight recklessly!
You are too injured to fight recklessly!
You slash the orc warrior with your +0 falchion!
The orc warrior is heavily wounded.
You closely miss the orc warrior with your +0 falchion.
The liquid fire burns you!
The orc warrior hits you with a +0 long sword.
You closely miss the orc warrior with your +0 falchion.
The orc warrior is heavily wounded.
You barely miss the orc warrior with your +0 falchion.
The liquid fire burns you!
* * * LOW HITPOINT WARNING * * *
The orc warrior closely misses you.
You hit the orc warrior but do no damage.
The orc warrior is heavily wounded.
You slash the orc warrior with your +0 falchion!
The liquid fire burns you!
* * * LOW HITPOINT WARNING * * *
The orc warrior hits you with a +0 long sword.
* * * LOW HITPOINT WARNING * * *
You closely miss the orc warrior with your +0 falchion.
The orc warrior is almost dead.
You hit the orc warrior but do no damage.
The liquid fire burns you!
You die...

.............#......
.....#.............
............###..#
............###..#
................###
≈.................#
................#.#
...........####...###
.......##.## ##@...#
§.....##..#?..$o..#..#
......##.|#!?..#......#
..........##.[#####...#
.....#.#...##+ #..#
..##..##.### .##
.##.....## # ........#
........#


You could see an orc warrior.

Vanquished Creatures
  Grinder (D:3)
  Eustachio (D:4)
  Menkaure (D:4)
  An ogre (D:4)
  A scorpion (D:4)
  A jelly (D:4)
  A bombardier beetle (D:4)
  4 gnolls (D:2)
  2 adders (D:4)
  A ribbon worm (D:2)
  2 orcs
  7 ball pythons
  3 endoplasms
  2 giant cockroaches
  5 hobgoblins
  3 jackals (D:4)
  2 kobolds
  A quokka (D:1)
  A bat (D:2)
  2 frilled lizards
  6 goblins
  3 rats
51 creatures vanquished.

Notes
Turn   | Place    | Note
-------+----------+-------------------------------------------
     0 | D:1      | pokedragonboy the Coglin Artificer began the quest for the
                  | Orb.
     0 | D:1      | Reached XP level 1. HP: 15/15 MP: 1/1
    58 | D:1      | Reached skill level 1 in Dodging
   161 | D:1      | Reached XP level 2. HP: 20/21 MP: 2/2
   457 | D:1      | Found a faded altar of an unknown god.
   462 | D:1      | Got Plato's Incunable of Silt
   930 | D:2      | Identified the +3 ring mail of the Insatiable Tusks {Will+
                  | Int+4 Slay+3}
  1077 | D:2      | Reached XP level 3. HP: 26/26 MP: 3/3
  1080 | D:2      | Reached skill level 1 in Long Blades
  1086 | D:2      | Reached skill level 5 in Evocations
  1086 | D:2      | Reached XP level 4. HP: 13/32 MP: 4/4
  1772 | D:3      | Noticed Grinder
  1779 | D:3      | Killed Grinder
  1780 | D:3      | Reached skill level 6 in Evocations
  1780 | D:3      | Reached XP level 5. HP: 32/39 MP: 5/5
  1780 | D:3      | Reached XP level 6. HP: 38/46 MP: 6/6
  1816 | D:3      | Found a broken altar of Ashenzari.
  1820 | D:3      | Saw a vision of the Shoals and the Spider Nest.
  1820 | D:3      | Noticed a water nymph
  1820 | D:3      | Noticed a merfolk
  1820 | D:3      | Noticed a snapping turtle
  1820 | D:3      | Noticed a tarantella
  1820 | D:3      | Noticed a torpor snail
  1820 | D:3      | Noticed a snapping turtle
  1820 | D:3      | Noticed a snapping turtle
  1820 | D:3      | Noticed a boulder beetle
  1820 | D:3      | Noticed a skyshark
  1820 | D:3      | Noticed a redback
  1820 | D:3      | Noticed a jumping spider
  1820 | D:3      | Noticed a merfolk
  1820 | D:3      | Noticed a torpor snail
  1820 | D:3      | Noticed a culicivora
  1820 | D:3      | Noticed a merfolk siren
  1820 | D:3      | Noticed a merfolk
  1820 | D:3      | Noticed a merfolk
  1820 | D:3      | Noticed a wolf spider
  1820 | D:3      | Noticed a spark wasp
  1821 | D:3      | Noticed a demonic crawler
  1821 | D:3      | Noticed a manticore
  1821 | D:3      | Noticed a jorogumo
  1823 | D:3      | Noticed a torpor snail
  1829 | D:3      | Noticed a pharaoh ant
  1843 | D:3      | Found Luluf's Antique Weapon Shop.
  1882 | D:3      | Found Favi's Book Shoppe.
  1883 | D:3      | Found Agadum's Magic Scroll Shop.
  1900 | D:3      | Found Kowkeoth's Distillery.
  2236 | D:3      | Found Ahuubb's Antique Armour Shop.
  2324 | D:4      | Found a staircase to the Ecumenical Temple.
  2366 | D:4      | Found a hazy altar of Hepliaklqana.
  2378 | D:4      | Noticed Eustachio
  2398 | Temple   | Entered the Ecumenical Temple
  2423 | D:4      | Killed Eustachio
  2424 | D:4      | Reached XP level 7. HP: 51/51 MP: 7/7
  2442 | D:4      | Noticed Menkaure
  2461 | D:4      | Killed Menkaure
  2462 | D:4      | Reached skill level 7 in Evocations
  2635 | D:4      | Found Tuirr's Elemental Accessories.
  2740 | D:4      | Incinerated by a bombardier beetle

Illustrated notes

Levels and vault maps discovered:
D:1:      doesnt_arrival_eight_statues, layout_loops_ring,
          shapermc_ecumenical_altar_rom_forum
D:2:      layout_basic
D:3:      layout_basic, grunt_ashenzari_visionary
          [grunt_ashenzari_visionary_shoals, grunt_ashenzari_visionary_spider],
          serial_shops, shop, shop, shop, shop, nicolae_shop_just_a_little_nook,
          nicolae_figureground_sparkle, uniq_grinder
D:4:      layout_cave_pools, lemuel_crystal_altar,
          nicolae_overflow_crystal_walls, minmay_temple_entry_drinking_statues,
          nicolae_elemental_shop, minmay_joined_circles, uniq_eustachio,
          uniq_menkaure
Temple:   hellmonk_temple_flake

Skill      XL: |  1  2  3  4  5  6  7 |
---------------+----------------------+-----
Dodging        | 1 2 3 |  3.1
Armour         | 2 3 |  3.5
Long Blades    | 1 2 3 |  3.1
Evocations     | 5 6 7 |  7.6
Fighting       | 2 3 |  3.4
Stealth        | |  0.7

Action                     |  1- 3 |  4- 6 |  7- 9 || total
---------------------------+-------+-------+-------++-------
  Melee: Dagger            |    21 |       |       ||    21
         Short sword       |    42 |    19 |       ||    61
         Club              |     5 |       |       ||     5
         Falchion          |    26 |    17 |    64 ||   107
  Evoke: Wand              |     1 |     8 |     1 ||    10
 Armour: Leather armour    |    22 |       |       ||    22
         Ring mail         |     9 |    17 |    18 ||    44
  Dodge: Dodged            |    28 |    16 |    11 ||    55

Table legend: (Time is in decaauts)
 A = Elapsed time spent in this place.
 B = Non-inter-level travel time spent in this place.
 C = Inter-level travel time spent in this place.
 D = Time resting spent in this place.
 E = Time spent auto-exploring this place.
 F = Levels seen in this place.
 G = Mean time per level.
                   A        B        C        D        E       F      G
               +--------+--------+--------+--------+--------+-----+--------+
         Total |   2750 |   2667 |     83 |    277 |   1959 |   5 |  550.0 |
       Dungeon |   2728 |   2645 |     83 |    277 |   1957 |   4 |  682.0 |
        Temple |     21 |     21 |      0 |      0 |      2 |   1 |   21.0 |
               +--------+--------+--------+--------+--------+-----+--------+

Top non-repeatable levels by time:
     D:2: 840 daAuts
     D:1: 787 daAuts
     D:3: 689 daAuts
     D:4: 411 daAuts
  Temple: 21 daAuts
